 Dungeon Crawl Stone Soup version 0.19.3-1-g3169bf9 (webtiles) character file.

243 Gargoyl the Skirmisher (level 6, -6/52 HPs)
             Began as a Ghoul Abyssal Knight on Jan 25, 2017.
             Was a Believer of Lugonu.
             Mangled by Prince Ribbit (12 damage)
             ... on level 5 of the Dungeon.
             The game lasted 00:07:14 (3040 turns).

Gargoyl the Skirmisher (Ghoul Abyssal Knight)       Turns: 3040, Time: 00:07:14

Health: -6/52      AC: 11    Str: 15 (16) XL:     6   Next: 9%
Magic:  7/7        EV:  7    Int:  5 (7)  God:    Lugonu [**....]
Gold:   181        SH:  7    Dex: 10      Spells: 0 memorised, 5 levels left

rFire  . . .     SeeInvis .     a - +1 hand axe
rCold  + . .     Gourm    .     e - +0 scale mail
rNeg   + + +     Faith    .     d - +0 shield
rPois  ∞         Spirit   .     w - +1 helmet
rElec  .         Reflect  .     (no cloak)
rCorr  .         Harm     .     f - +0 pair of gloves
MR     .....                    s - +0 pair of boots
Stlth  ..........               (no amulet)
                                (no ring)
                                (no ring)

@: very slightly contaminated, rotting, hasted, very quick
A: rotting body, claws 1, carnivore 3, cold resistance 1, negative energy
resistance 3, slow regeneration 1, torment resistance, unbreathing
a: Depart the Abyss, Bend Space, Renounce Religion


You were on level 5 of the Dungeon.
You worshipped Lugonu.
Lugonu was pleased with you.
You were not hungry.

You visited 1 branch of the dungeon, and saw 5 of its levels.
You visited the Abyss 1 time.

You collected 181 gold pieces.

Inventory:

Hand Weapons
 a - a +1 hand axe (weapon)
Armour
 d - a +0 shield (worn)
 e - a +0 scale mail (worn)
 f - a +0 pair of gloves (worn)
 s - a +0 pair of boots (worn)
 w - a +1 helmet (worn)
Scrolls
 h - 2 scrolls of identify
 i - a scroll of magic mapping
 n - 2 scrolls of random uselessness
 q - 2 scrolls of teleportation {unknown}
 r - 2 scrolls of remove curse {unknown}
 t - a scroll of blinking {unknown}
 u - a scroll of recharging {unknown}
 v - 2 scrolls of fear {unknown}
Potions
 k - 3 potions of lignification
 l - a potion of invisibility
Books
 o - a book of Changes

   Spells                             Type                      Level
   a - Beastly Appendage              Transmutation                1
   b - Sticks to Snakes               Transmutation                2
   c - Spider Form                    Transmutation/Poison         3
   d - Ice Form                       Ice/Transmutation            4
   e - Blade Hands                    Transmutation                5
Comestibles
 c - a meat ration


   Skills:
 + Level 4.1 Fighting
 + Level 3.1 Axes
 * Level 3.3 Armour
 + Level 1.4 Dodging
 + Level 1.0 Shields
 * Level 3.2 Invocations


You had 5 spell levels left.
You didn't know any spells.

Dungeon Overview and Level Annotations

Branches:
Dungeon (5/15)
 Temple: D:4-7

Altars:

Annotations:
D:4 Purgy
D:5 Prince Ribbit


Innate Abilities, Weirdness & Mutations

Your body is rotting away.
You thrive on raw meat.
You are immune to poison.
You have sharp fingernails.
You are carnivorous and can eat meat at any time.
Your flesh is cold resistant. (rC+)
You are immune to negative energy. (rN+++)
You regenerate slowly when monsters are visible.
You are immune to unholy pain and torment.
You can survive without breathing.


Message History

Found a scroll labeled KAES VITOHOZOTS, a scroll of identify and a spear.
There is a stone staircase leading up here.
Okay, then.
It was a potion of haste.
You feel yourself speed up.
You are very lightly contaminated with residual magic.
Okay, then.
It was a potion of curing.
You feel better.
It was a potion of mutation.
You feel extremely strange.
Your body decomposes!
You feel dopey.
Your body decomposes!
You feel dopey.
Your body decomposes!
You feel weakened. Prince Ribbit hits you!
* * * LOW HITPOINT WARNING * * *
Unknown command.
You miss Prince Ribbit. Prince Ribbit barely misses you.
You closely miss Prince Ribbit. Prince Ribbit hits you!
You die...

#.......?.....
#...........#
#..........#
#.........#
#.......<#
#.....?.##
#......##
##.F.### #.@##
####


You could see Prince Ribbit.

Vanquished Creatures
  An ogre (D:3)
  The ghost of loom the Conjurer, an amateur DECj (D:3)
  An adder (D:2)
  5 worms
  6 dart slugs
  2 leopard geckos (D:1)
  An orc (D:3)
  3 bats
  4 giant cockroaches
  5 hobgoblins
  4 jackals (D:3)
  8 frilled lizards
  6 goblins
  5 kobolds
  10 rats
62 creatures vanquished.

Notes
Turn   | Place    | Note
-------+----------+-------------------------------------------
     0 | Abyss:1  | Gargoyl the Ghoul Abyssal Knight began the quest for the Orb.
     0 | Abyss:1  | Reached XP level 1. HP: 19/19 MP: 1/1
    20 | Abyss:2  | Found a corrupted altar of Lugonu.
    95 | Abyss:3  | Noticed a shining eye
   111 | Abyss:3  | Noticed an efreet
   112 | D:1      | Escaped the Abyss
   505 | D:1      | Reached skill level 1 in Dodging
   505 | D:1      | Reached XP level 2. HP: 22/25 MP: 2/2
   727 | D:1      | Reached * piety under Lugonu
   943 | D:1      | Reached XP level 3. HP: 32/33 MP: 3/3
  1717 | D:3      | Reached XP level 4. HP: 40/40 MP: 4/4
  1757 | D:3      | Noticed loom's ghost (amateur DECj)
  1894 | D:3      | Noticed an ogre
  1907 | D:3      | Killed an ogre
  1907 | D:3      | Reached skill level 4 in Fighting
  1907 | D:3      | Reached XP level 5. HP: 17/46 MP: 4/6
  1955 | D:3      | Reached ** piety under Lugonu
  2503 | D:3      | Killed loom's ghost
  2503 | D:3      | Reached XP level 6. HP: 29/52 MP: 7/7
  2574 | D:3      | Reached skill level 1 in Shields
  2871 | D:4      | Noticed Purgy
  2944 | D:4      | HP: 1/52 [worm (9)]
  3004 | D:4      | HP: 1/52 [spatial distortion (4)]
  3030 | D:5      | Entered Level 5 of the Dungeon
  3030 | D:5      | Noticed Prince Ribbit
  3040 | D:5      | Mangled by Prince Ribbit

Skill      XL: |  1  2  3  4  5  6 |
---------------+-------------------+-----
Armour         | 2 3 |  3.3
Dodging        | 1 |  1.4
Axes           | 2 3 |  3.1
Fighting       | 4 |  4.1
Invocations    | 3 |  3.2
Shields        | 1 |  1.0

Action                   |  1- 3 |  4- 6 || total
-------------------------+-------+-------++-------
Melee: Hand axe          |   130 |   145 ||   275
Invok: Depart the Abyss  |     1 |       ||     1
       Bend Space        |       |     2 ||     2
  Use: Scroll            |       |     4 ||     4
       Potion            |       |     4 ||     4
  Eat: Chunk             |    15 |    26 ||    41
Armor: Scale mail        |    62 |    55 ||   117
Dodge: Dodged            |    34 |    45 ||    79
Block: Shield            |    49 |    41 ||    90
